Map: King's Cove LE

Players

MODEUS

  • Race: Terran Terran
  • Spawn Location: 11:00

SKillous - Winner!

  • Race: Protoss Protoss
  • Spawn Location: 5:00

Event: 2019 WCS Summer

VOD

Have the link to the VOD?

Description

Time

  • Played on: July 12, 2019, 7:14 a.m.
  • Length: 10:06

All games in this series

Show
View Real Time Build Order
Export as new Build Order

MODEUS Terran 

Build Orders: Cyclone Opening 

Get SALT Encoding   

  12  0:00  SCV  
  13  0:12  SCV  
  14  0:18  Supply Depot  
  14  0:25  SCV  
  15  0:30  Refinery  
  15  0:39  SCV  
  16  0:45  Barracks  
  16  0:51  SCV  
  17  1:03  SCV  
  18  1:15  SCV  
  19  1:32  Orbital Command  
  19  1:36  Marine  
  19  1:38  Factory  
  20  1:42  Supply Depot  
  20  1:58  SCV  
  20  1:59  Barracks Reactor  
  21  2:10  SCV  
  22  2:17  Bunker  
  22  2:22  Factory Tech Lab  
  22  2:24  Command Center  
  22  2:25  SCV  
  23  2:36  Marine x2  
  25  2:38  SCV, Supply Depot  
  26  2:49  Cyclone  
  29  2:53  SCV  
  29  2:56  Refinery  
  30  3:05  SCV  
  31  3:08  Marine x2  
  33  3:17  SCV  
  33  3:18  Starport  
  34  3:32  Marine x2  
  36  3:35  SCV  
  36  3:38  Cyclone  
  36  3:40  Orbital Command  
  40  3:49  Marine  
  40  3:50  Marine  
  40  3:53  SCV  
  43  3:59  Viking  
  45  4:05  SCV  
  45  4:06  Orbital Command  
  45  4:07  Marine x2  
  48  4:14  Supply Depot  
  48  4:16  Siege Tank  
  50  4:23  SCV  
  51  4:25  Marine x2  
  51  4:30  Supply Depot  
  53  4:36  Viking  
  53  4:37  SCV  
  56  4:40  SCV  
  57  4:51  SCV  
  57  4:52  SCV  
  59  4:58  Refinery  
  59  5:03  SCV, Supply Depot  
  59  5:04  SCV  
  61  5:10  Engineering Bay  
  61  5:15  SCV  
  61  5:16  SCV  
  61  5:17  Widow Mine x2, Medivac  
  61  5:18  Stimpack  
  66  5:27  SCV  
  66  5:28  SCV, Supply Depot  
  68  5:30  Barracks  
  68  5:32  Marine  
  69  5:39  SCV  
  69  5:43  Widow Mine x2  
  69  5:46  SCV  
  74  5:51  SCV  
  74  5:52  Supply Depot  
  75  6:03  Barracks  
  75  6:04  Bunker  
  75  6:11  Starport Reactor, SCV x2  
  73  6:13  Refinery, Terran Infantry Weapons Level 1  
  75  6:18  Factory Tech Lab  
  75  6:19  Bunker  
  75  6:20  Marine  
  71  6:38  Siege Tank, Marine  
  71  6:49  SCV x2  
  71  6:51  Barracks Tech Lab  
  70  6:55  Marine  
  70  6:57  Medivac x2  
  73  7:01  SCV  
  73  7:02  SCV  
  73  7:06  Marine x2  
  77  7:13  Marine, SCV  
  77  7:14  SCV, Supply Depot  
  80  7:25  Siege Tank, Combat Shield, Marine x2  
  80  7:26  SCV, Supply Depot  
  80  7:28  SCV  
  87  7:36  Concussive Shells  
  87  7:38  SCV  
  87  7:40  SCV, Supply Depot  
  87  7:41  Supply Depot x2  
  89  7:50  SCV  
  90  7:52  SCV  
  90  7:53  Marauder x2, Marine x2  
  90  7:56  Medivac  
  99  8:02  SCV  
  100  8:11  Marine  
  101  8:15  Marauder  
  103  8:26  Medivac  
  103  8:27  SCV x2, Medivac  
  109  8:35  Supply Depot  
  109  8:38  Marauder x2, Marine x2  
  103  8:55  Marine x2  
  103  8:59  Marauder  
  103  9:00  Marauder  
  88  9:13  Marine x2  
  88  9:16  SCV  
  88  9:17  SCV  
  82  9:21  Marauder x2  
  90  9:31  Orbital Command, Marine x2  
  90  9:32  Barracks  
  90  9:33  Barracks  
  95  9:42  Marauder x2  
Show
View Real Time Build Order
Export as new Build Order

SKillous Protoss - Winner!

Build Orders: Blink Stalkers, Chargelot Immortal 

Get SALT Encoding   

  12  0:00  Probe  
  13  0:12  Probe  
  14  0:19  Pylon  
  14  0:25  Probe  
  15  0:32  Pylon  
  15  0:37  Probe  
  16  0:49  Probe  
  17  0:52  Gateway  
  17  0:57  Assimilator  
  17  1:02  Probe  
  18  1:14  Probe  
  19  1:26  Probe  
  19  1:30  Zealot  
  20  1:39  Cybernetics Core  
  22  1:50  Nexus  
  22  1:53  Zealot  
  23  1:59  Assimilator  
  22  2:05  Probe  
  25  2:15  Stalker  
  25  2:16  Warp Gate  
  25  2:17  Probe  
  26  2:29  Probe  
  29  2:40  Pylon  
  29  2:42  Probe  
  30  2:54  Probe  
  30  2:58  Stalker  
  33  3:00  Probe  
  33  3:03  Twilight Council  
  33  3:04  Probe  
  34  3:08  Probe  
  34  3:12  Probe  
  36  3:18  Probe  
  37  3:20  Probe, Gateway  
  37  3:21  Blink  
  39  3:31  Probe  
  38  3:34  Gateway  
  38  3:35  Probe  
  39  3:44  Probe  
  39  3:47  Probe  
  41  3:56  Probe  
  41  3:59  Probe  
  41  4:02  Pylon  
  43  4:05  Stalker  
  43  4:08  Probe  
  46  4:11  Probe, Robotics Facility  
  47  4:18  Assimilator  
  47  4:20  Probe  
  47  4:22  Stalker  
  47  4:23  Probe  
  51  4:29  Stalker  
  53  4:32  Probe  
  53  4:35  Stalker  
  53  4:37  Probe  
  57  4:47  Nexus  
  57  4:50  Pylon  
  55  4:54  Stalker  
  57  5:00  Stalker  
  57  5:01  Observer  
  60  5:10  Forge  
  60  5:11  Probe  
  61  5:14  Forge  
  61  5:17  Probe  
  62  5:24  Gateway  
  62  5:27  Pylon  
  62  5:28  Pylon  
  62  5:31  Charge  
  62  5:34  Probe  
  62  5:36  Probe  
  62  5:40  Protoss Ground Weapons Level 1  
  62  5:46  Observer, Stalker  
  62  5:49  Stalker  
  67  5:53  Probe  
  67  5:56  Probe  
  69  5:59  Gateway  
  69  6:05  Probe  
  69  6:08  Probe x2  
  69  6:11  Stalker  
  69  6:13  Probe  
  72  6:20  Probe  
  72  6:21  Probe  
  72  6:22  Gateway  
  72  6:24  Probe  
  75  6:29  Protoss Ground Armor Level 1  
  75  6:32  Probe  
  73  6:40  Probe  
  73  6:41  Stalker x2  
  73  6:42  Stalker  
  73  6:44  Probe  
  76  6:48  Probe  
  76  6:51  Immortal  
  76  6:52  Probe x2  
  71  6:57  Gateway  
  71  6:58  Gateway  
  71  7:00  Probe  
  71  7:01  Pylon  
  73  7:04  Probe  
  73  7:07  Sentry  
  73  7:08  Sentry  
  82  7:09  Pylon  
  82  7:11  Probe  
  83  7:25  Probe x2  
  83  7:26  Immortal  
  83  7:27  Probe  
  86  7:30  Gateway  
  86  7:32  Gateway  
  86  7:33  Pylon  
  89  7:42  Zealot x4  
  97  7:45  Zealot  
  97  7:49  Protoss Ground Weapons Level 2  
  99  7:53  Zealot x2  
  99  7:58  Pylon  
  103  8:07  Immortal  
  103  8:08  Zealot x5  
  117  8:17  Zealot x2  
  121  8:26  Pylon  
  121  8:27  Zealot x2  
  121  8:31  Pylon  
  125  8:34  Pylon  
  127  8:49  Zealot x2  
  127  8:54  Nexus  
  119  8:57  Pylon  
  119  9:02  Zealot x4  
  118  9:03  Pylon  
  118  9:07  Immortal  
  98  9:13  Probe x2  
  89  9:19  Zealot x3  
  89  9:21  Probe x3  
  96  9:27  Pylon  
  96  9:29  Probe  
  98  9:32  Probe  
  98  9:33  Probe  
  101  9:40  Zealot x2  
  101  9:41  Probe  
  104  9:45  Stalker  
  104  9:48  Stalker  
  104  9:52  Zealot  
  105  10:03  Zealot x3  
Tags
 
Add a new tag
Caveats
  • Supply blocks, unpowered buildings, or Contaminate may cause inaccurate times.
  • Supply counts are checked every 10 seconds.